 Dungeon Crawl Stone Soup version 0.22-a0-93-g6b88ebb (webtiles) character file.

777587 Faca the Conqueror (level 27, -3/199 HPs)
             Began as a Gargoyle Fighter on Jan 23, 2018.
             Was the Champion of Okawaru.
             Killed from afar by a starcursed mass (9 damage)
             ... with an accursed screaming
             ... on level 4 of the Abyss on Jan 24, 2018.
             The game lasted 06:08:28 (104438 turns).

Faca the Conqueror (Gargoyle Fighter)             Turns: 104438, Time: 06:08:29

Health: -3/199     AC: 76    Str: 26      XL:     27
Magic:  28/28      EV: 16    Int:  5 (12) God:    Okawaru [******]
Gold:   5536       SH: 36    Dex: 20      Spells: 23/26 levels left

rFire    + + +     SeeInvis +   L - +9 morningstar (holy)
rCold    + + +     Gourm    .   c - +5 large shield {rC+ rF+}
rNeg     + . .     Faith    .   k - +12 gold dragon scales
rPois    ∞         Spirit   .   q - +2 helmet {SInv}
rElec    +         Reflect  +   e - +2 cloak {MR+}
rCorr    .         Harm     .   P - +0 pair of fencer's gloves {+Riposte Dex+3}
MR       ++++.                  A - +2 pair of boots {run}
Stlth    ..........             y - +4 amulet of reflection
HPRegen  0.00/turn              p - +4 ring of dexterity
MPRegen  0.21/turn              O - ring of Gucrorir {rF++ rC+ MR+ Stlth+}

@: quick
A: big wings, iridescent scales 1, slimy green scales 1, blurry vision 3,
[deterioration 2], [low mp 2], negative energy resistance 1, electricity
resistance, inhibited regeneration, unbreathing, evolution 1, petrification
resistance, rot immunity, [subdued magic 2], [MP-powered wands], AC +20
}: 4/15 runes: decaying, slimy, silver, gossamer
a: Fly, Heroism, Finesse, Renounce Religion


You were on level 4 of the Abyss.
You worshipped Okawaru.
Okawaru was exalted by your worship.
You were not hungry.

You visited 11 branches of the dungeon, and saw 55 of its levels.
You visited the Abyss 4 times.
You visited 1 bazaar.
You also visited: Trove, Ossuary, Bailey and Ice Cave.

You collected 7611 gold pieces.
You spent 2075 gold pieces at shops.

Inventory:

Hand Weapons
 s - the +6 hand crossbow of Law {penet, MR+ MP+9}
   (Okawaru gifted it to you on level 5 of the Realm of Zot)

   Ammo fired by it will pass through the targets it hits, potentially hitting
   all targets in its path until it reaches maximum range.
   It affects your resistance to hostile enchantments.
   It affects your magic capacity (+9).
 G - a +6 eveningstar of protection
 L - a +9 morningstar of holy wrath (weapon)
 N - a +5 demon whip
 U - the +9 flail "Ycoewogill" {holy, rElec rN+}
   (You found it on level 5 of the Depths)

   It has been blessed by the Shining One to cause great damage to the undead
   and demons.
   It insulates you from electricity.
   It protects you from negative energy.
Missiles
 r - 1933 bolts
Armour
 c - a +5 large shield of resistance (worn)
 e - a +2 cloak of magic resistance (worn)
 k - +12 gold dragon scales (worn)
 l - a +2 large shield
 q - a +2 helmet of see invisible (worn)
 w - a +2 scale mail of poison resistance
 A - a +2 pair of boots of running (worn)
 P - the +0 pair of fencer's gloves (worn) {+Riposte Dex+3}
   (You bought it in a shop in a bazaar)

   It affects your dexterity (+3).
Jewellery
 p - a +4 ring of dexterity (left hand)
 y - a +4 amulet of reflection (around neck)
 B - the ring of Suvaafi {rN+ Int+4}
   (You found it on level 1 of the Realm of Zot)

   [ring of positive energy]

   It affects your intelligence (+4).
   It protects you from negative energy.
 O - the ring of Gucrorir (right hand) {rF++ rC+ MR+ Stlth+}
   (You found it on level 5 of the Pits of Slime)

   [ring of protection from magic]

   It greatly protects you from fire.
   It protects you from cold.
   It affects your resistance to hostile enchantments.
   It makes you more stealthy.
 R - an uncursed ring of resist corrosion
Wands
 z - a wand of digging (60)
Scrolls
 a - 16 scrolls of remove curse
 b - 2 scrolls of identify
 i - 3 scrolls of fear
 m - 3 scrolls of silence
 n - 2 scrolls of fog
 F - 16 scrolls of immolation
 H - a scroll of magic mapping
 K - a scroll of blinking
 Q - 4 scrolls of holy word
 V - 2 scrolls of summoning
Potions
 d - 4 potions of might
 g - 6 potions of brilliance
 h - a potion of mutation
 j - 14 potions of lignification
 o - 3 potions of haste
 t - 3 potions of invisibility
 v - 4 potions of agility
 x - 4 potions of berserk rage
 E - 2 potions of cancellation
 T - 4 potions of resistance
Comestibles
 f - 13 rations


   Skills:
 O Level 27 Fighting
 - Level 21.6 Maces & Flails
 - Level 10.2 Crossbows
 + Level 24.3 Armour
 + Level 14.4 Dodging
 + Level 25.3 Shields
 - Level 10.0 Hexes
 - Level 10.0 Translocations
 - Level 18.2 Invocations


You had 23 spell levels left.
You knew the following spells:

 Your Spells              Type           Power        Failure   Level  Hunger
a - Portal Projectile     Hex/Tloc       #.....       16%         3    ####...


Dungeon Overview and Level Annotations

Branches:
Dungeon (15/15)            Temple (1/1) D:5            Lair (6/6) D:8
  Swamp (4/4) Lair:2       Spider (4/4) Lair:3        Slime (5/5) Lair:5
    Orc (2/2) D:12            Elf (3/3) Orc:2        Vaults (5/5) D:13
  Crypt (0/3) Vaults:2     Depths (5/5) D:15            Zot (5/5) Depths:5

Altars:
Ashenzari
Cheibriados
Dithmenos
Elyvilon
Fedhas
Gozag
Hepliaklqana
Kikubaaqudgha
Makhleb
Nemelex Xobeh
Okawaru
Qazlal
Ru
Sif Muna
Trog
Uskayaw
Vehumet
Wu Jian
Xom
Yredelemnul
Zin
The Shining One
Beogh
Jiyva

Shops:
D:5 ?   D:10 [   Orc:1 ?   Orc:2 [!:%   Vaults:3 =   Vaults:4 *

Portals:
Hell: Depths:1 Depths:2 Depths:3 Depths:4 Depths:5
Abyss: Depths:4
Pandemonium: Orc:2 Depths:3 Depths:5
Ziggurat: Depths:1


Innate Abilities, Weirdness & Mutations

You are resistant to torment.
Your stone body is resilient. (AC +20)
You are immune to poison.
Your large and strong wings let you fly indefinitely.
You resist negative energy. (rN+)
You are resistant to electric shocks. (rElec)
You can survive without breathing.
You are immune to petrification.
You are immune to rotting.
You are partially covered in iridescent scales. (AC +2)
You are partially covered in slimy green scales. (AC +2)
Scrolls take you much longer to read.
You do not regenerate when monsters are visible.
You evolve.
[Your body often deteriorates upon taking damage.]
[Your magical capacity is very low. (-20% MP)]
[Your spells are easier to cast, but less powerful.]
[You expend magic power (3 MP) to strengthen your wands.]


Message History

* * * LOW HITPOINT WARNING * * *
The starcursed mass engulfs you but does no damage.
You can move again.
Unknown command.
Really read with blurry vision while enemies are nearby?
You block the starcursed mass's attack.
You begin reading the scroll.
You continue reading the scroll.
The balrug gestures at you. Something smites you!
* * * LOW HITPOINT WARNING * * *
You continue reading the scroll.
You block the starcursed mass's attack.
As you read the scroll of fog, it crumbles to dust.
The scroll dissolves into smoke.
Unknown command.
You hit the starcursed mass but do no damage.
The starcursed mass is lightly damaged.
You block the starcursed mass's attack. A chorus of shrieks assaults your mind.
You die...

# .# .
..#### #
### # ##2.
# #. # #
##... § .
. ##
###.##.#.
#.. ##2...
# .
#.X###x#..
...


#.XXX ## # . # ###X##.. ... #@# ...# ## ### #..#≈. ≈ .≈# ≈. # * ≈ You could see
4 starcursed masses.

Vanquished Creatures
  the Royal Jelly (Slime:5)
  4 ancient liches (Zot:5)
  6 orbs of fire (Zot:5)
  A juggernaut (Depths:4)
  Boris (Depths:4)
  The ghost of pkoi the Minotaur Blade, a veteran MiFi of Okawaru (Depths:5)
  5 caustic shrikes
  2 Killer Klowns (Zot:5)
  6 curse toes
  15 golden dragons
  Nikola (Elf:2)
  3 bone dragons
  Jorgrun (Depths:4)
  3 electric golems
  20 tentacled monstrosities
  A hellephant (Abyss:1)
  Rupert (Lair:2)
  A Hell Sentinel (Abyss:3)
  25 Orb Guardians
  3 titans
  8 liches
  The ghost of keipra the Unseen, an adept SpEn of Dithmenos (Vaults:4)
  A deep elf blademaster (Elf:2)
  23 acid blobs
  9 quicksilver dragons
  The ghost of donath the Victor of a Thousand Battles, an adept GnWr of Okawaru (Slime:1)
  8 sphinxes
  6 death cobs
  2 Executioners (Abyss:3)
  Agnes (D:15)
  10 storm dragons
  10 tentacled starspawn
  7 tengu reavers
  5 shadow dragons
  26 azure jellies
  12 draconian monks
  A revenant (Depths:3)
  9 fire giants
  A daeva (Abyss:3)
  2 iron dragons (Vaults:4)
  9 frost giants
  A ghost moth (shapeshifter) (Vaults:5)
  A cacodemon (Abyss:1)
  A balrug (Abyss:3)
  A curse skull (Vaults:2)
  11 draconian knights
  4 draconian shifters
  15 vault wardens
  11 ghost moths
  12 draconian scorchers
  11 deep elf sorcerers
  9 emperor scorpions
  A deep elf elementalist (Vaults:4)
  11 draconian stormcallers
  38 very ugly things
  20 stone giants
  14 ironheart preservers
  5 draconian annihilators
  An ophan (Abyss:2)
  A spriggan defender (Depths:1)
  4 entropy weavers
  9 deep elf demonologists
  3 war gargoyles
  16 green draconians
  5 vampire knights
  16 black draconians
  6 deep elf annihilators (Elf:3)
  17 purple draconians
  20 yellow draconians
  10 white draconians
  9 ettins
  9 red draconians
  9 spark wasps
  A merfolk javelineer (Depths:4)
  2 blizzard demons (Abyss:3)
  2 eidola (Abyss:3)
  7 deep elf death magi
  25 death oozes
  A crystal guardian (Vaults:4)
  2 merfolk impalers (Depths:1)
  11 yaktaur captains
  4 green deaths
  Josephine (D:13)
  5 jiangshi
  2 quicksilver dragon zombies
  11 fire dragons
  18 great orbs of eyes
  28 vault guards
  8 deep elf high priests
  A quicksilver dragon skeleton (Abyss:1)
  9 ice dragons
  9 rakshasas
  A spriggan air mage (Depths:2)
  The ghost of GrunderHorse the Blocker, a journeyman GnFi of Okawaru (D:11)
  15 hydras
  3 death knights
  A catoblepas (D:15)
  A hell beast (Swamp:4)
  The ghost of kyuss the Basher, a novice TrMo of Okawaru (D:8)
  An anaconda (Abyss:2)
  6 centaur warriors
  3 ghost crabs (Swamp:3)
  35 two-headed ogres
  9 ogre magi
  39 dancing weapons
  Erica (Lair:1)
  7 alligators
  9 deep troll shamans
  5 hell hogs (Abyss:3)
  4 tengu warriors
  3 vampire magi
  5 deep troll earth magi
  3 death yaks (Lair:3)
  5 orc high priests
  A storm dragon zombie (Depths:3)
  15 thrashing horrors
  A spriggan berserker (Depths:5)
  A titan zombie (Depths:3)
  19 deep elf knights
  3 soul eaters
  2 sun demons
  11 wretched stars
  4 iron trolls
  A storm dragon skeleton (Depths:3)
  3 shadow wraiths
  21 hell knights
  A fire crab (shapeshifter) (Vaults:1)
  A sea snake (shapeshifter) (Elf:3)
  A torturous demonspawn (Orc:2)
  4 sixfirhies
  12 skeletal warriors
  21 deep trolls
  An infernal demonspawn (Orc:2)
  5 flayed ghosts
  A shadow dragon zombie (Depths:3)
  7 spatial maelstroms
  3 unseen horrors
  14 glowing orange brains
  2 spriggan druids (Swamp:2)
  2 tengu zombies
  11 swamp dragons
  A gelid demonspawn (Orc:2)
  2 shambling mangroves
  A shadow demon (Abyss:3)
  Pikel (D:4)
  17 ironbrand convokers
  4 lindwurms (shapeshifter)
  18 deep elf archers
  6 phantasmal warriors
  An obsidian statue (Zot:1)
  A harpy (Vaults:2)
  8 necromancers
  A sphinx zombie (Depths:3)
  A harpy (shapeshifter) (Vaults:4)
  38 wolf spiders
  16 orc knights
  An iron dragon zombie (Depths:3)
  59 ugly things
  A sphinx skeleton (Depths:3)
  11 orc sorcerers
  4 shining eyes
  A faun (shapeshifter) (Vaults:1)
  55 deep elf magi
  A frost giant zombie (Vaults:5)
  16 orb spiders
  5 worldbinders
  9 cyclopes
  2 human zombies
  A shadow dragon skeleton (Depths:3)
  A moth of wrath (shapeshifter) (Vaults:4)
  An apocalypse crab (Abyss:3)
  2 frost giant skeletons (Depths:3)
  8 manticores
  A rust devil (Abyss:3)
  2 guardian serpents
  41 moths of wrath
  2 fire giant skeletons (Depths:3)
  2 ice statues (IceCv)
  A black mamba (shapeshifter) (Depths:3)
  A torpor snail (Spider:1)
  20 vault sentinels
  Maurice (Orc:1)
  2 eyes of devastation
  4 black mambas
  5 orange demons
  3 human skeletons
  A storm dragon simulacrum (Vaults:4)
  11 smoke demons
  A gargoyle (D:10)
  2 elf zombies
  15 spiny frogs
  A torpor snail (shapeshifter) (Depths:3)
  A dire elephant skeleton (Abyss:3)
  2 hellions (Abyss:3)
  12 rime drakes
  A komodo dragon (shapeshifter) (Abyss:3)
  2 spiny frogs (shapeshifter)
  2 efreet
  An ice devil (Orc:2)
  7 komodo dragons
  6 freezing wraiths
  12 demonic crawlers
  2 tormentors
  3 hellwings
  45 yaktaurs
  4 tengu conjurers
  11 ancient zymes
  A queen bee (Spider:1)
  35 jumping spiders
  A silent spectre (Abyss:4)
  A wolf spider simulacrum (Abyss:3)
  2 polar bears
  4 tyrant leeches
  2 meliai (shapeshifter) (Vaults:2)
  9 meliai
  12 trolls
  120 slime creatures
  9 hornets
  A wind drake (shapeshifter) (Elf:2)
  5 dream sheep (Lair:6)
  A hornet (shapeshifter) (D:15)
  10 hippogriffs
  A raiju (shapeshifter) (Vaults:3)
  25 raiju
  A hippogriff (shapeshifter) (Vaults:2)
  11 bog bodies
  26 blink frogs
  A dream sheep (shapeshifter) (Depths:2)
  A stone giant simulacrum (Vaults:1)
  2 spriggan skeletons (Depths:3)
  17 flying skulls
  60 redbacks
  20 water elementals
  4 air elementals
  7 spriggans
  A tarantella (shapeshifter) (Vaults:4)
  8 shadows
  11 wraiths
  10 ynoxinuls
  A fire dragon skeleton (Abyss:2)
  An ice dragon skeleton (Abyss:2)
  69 yaks
  40 tarantellas
  A fire elemental (Elf:3)
  A vampire (D:14)
  A basilisk (shapeshifter) (Vaults:2)
  5 wyverns
  9 golden eyes
  2 steam dragons (Lair:6)
  8 chaos spawn
  6 basilisks
  50 large abominations
  7 neqoxecs
  A redback simulacrum (D:14)
  Menkaure (D:7)
  4 hungry ghosts
  21 swamp worms
  11 vampire mosquitoes
  9 insubstantial wisps
  2 spatial vortices (Abyss:3)
  3 nagas
  6 wargs
  2 soldier ants (D:9)
  3 acid dragons
  17 water moccasins
  5 porcupines
  4 hell hounds (Abyss:2)
  A slave (D:4)
  A floating eye (shapeshifter) (Abyss:3)
  10 swamp drakes
  50 orc warriors
  A swamp drake (shapeshifter) (Vaults:4)
  3 sky beasts
  An eye of draining (shapeshifter) (Depths:3)
  16 ice beasts
  7 eyes of draining
  2 phantoms
  2 necrophages
  95 starcursed masses
  6 boggarts
  4 wolves (Lair:5)
  22 ogres
  4 centaurs
  3 big kobolds
  A snapping turtle skeleton (Abyss:2)
  13 crocodiles
  16 bullfrogs
  A deep troll simulacrum (Vaults:4)
  5 earth elementals
  31 small abominations
  5 scorpions
  A water moccasin zombie (D:10)
  A wyvern skeleton (D:13)
  16 killer bees
  2 water moccasin skeletons
  A snapping turtle simulacrum (Abyss:3)
  2 electric eels (Lair:2)
  4 howler monkeys (D:12)
  4 centaur zombies
  3 crimson imps
  A bullfrog zombie (D:8)
  6 quasits
  3 hounds
  7 jellies
  The ghost of filfer the Grasshopper, a weakling FeWr (D:3)
  A bullfrog skeleton (D:11)
  43 orc priests
  Crazy Yiuf (D:4)
  5 centaur skeletons
  5 iron imps (Abyss:3)
  2 iguanas
  43 orc wizards
  11 worker ants
  11 mummies (Ossuary)
  A howler monkey skeleton (D:11)
  13 adders
  6 shadow imps
  7 white imps
  3 ufetubi
  An ooze (D:3)
  An adder zombie (D:1)
  3 adder skeletons
  A worm (D:3)
  3 dart slugs
  5 leopard geckos
  147 orcs
  9 bats
  9 giant cockroaches
  6 goblins
  8 hobgoblins
  12 jackals
  4 quokkas
  3 frilled lizards
  A giant cockroach zombie (D:1)
  2 gnoll skeletons (Ossuary)
  2 goblin skeletons (Ossuary)
  19 kobolds
  A kobold skeleton (Ossuary)
  3 orc skeletons (Ossuary)
  3 rats
  11 rat skeletons (Ossuary)
  A crawling corpse (Vaults:4)
  A lurking horror (Abyss:1)
  A plant (Lair:6)
3018 creatures vanquished.

Vanquished Creatures (others)
  2 deep elf master archers (Elf:3)
  A storm dragon (Zot:4)
  An ironheart preserver (Vaults:4)
  2 merfolk javelineers
  2 yaktaur captains
  An ogre mage (Vaults:1)
  2 centaur warriors
  A hell hog (Abyss:3)
  4 deep elf knights
  3 large abominations
  2 unseen horrors
  4 deep elf archers
  2 deep elf magi
  A worldbinder (Abyss:3)
  An orange demon (Zot:3)
  7 yaktaurs
  3 hornets
  A raiju (Abyss:3)
  A blink frog (Abyss:3)
  A tarantella (Spider:4)
  A neqoxec (Abyss:4)
  A swamp worm (Swamp:3)
  A swamp drake (Swamp:3)
  An orc warrior (Vaults:5)
  An ogre (Vaults:5)
  A boggart (Depths:3)
  3 small abominations
  2 centaurs
  An ufetubus (Abyss:3)
  A leopard gecko (D:7)
  3 orcs
  6 kobolds (Bailey)
  7 fungi
  4 lurking horrors
  4 plants
  41 starspawn tentacles
120 creatures vanquished.

Grand Total: 3138 creatures vanquished

Notes
Turn   | Place    | Note
-------+----------+-------------------------------------------
     0 | D:1      | Faca the Gargoyle Fighter began the quest for the Orb.
     0 | D:1      | Reached XP level 1. HP: 14/14 MP: 1/1
   127 | D:1      | Reached XP level 2. HP: 20/20 MP: 2/2
   149 | D:1      | Reached skill level 4 in Fighting
   357 | D:1      | Reached XP level 3. HP: 22/24 MP: 3/3
   827 | D:2      | Reached skill level 5 in Fighting
   982 | D:2      | Reached XP level 4. HP: 31/31 MP: 4/4
  1490 | D:3      | Found an opulent altar of Gozag.
  1598 | D:3      | Reached skill level 6 in Fighting
  1598 | D:3      | Reached XP level 5. HP: 36/36 MP: 5/5
  1624 | D:3      | Noticed filfer's ghost (weakling FeWr)
  1639 | D:3      | Killed filfer's ghost
  1843 | D:3      | Found a shattered altar of Ashenzari.
  1962 | D:3      | Reached skill level 7 in Fighting
  2678 | D:4      | Reached XP level 6. HP: 44/44 MP: 6/6
  2695 | D:4      | HP: 2/44 [orc priest/divine providence (11)]
  3116 | D:4      | Found a radiant altar of Vehumet.
  3234 | D:4      | Reached XP level 7. HP: 48/48 MP: 7/7
  3525 | D:4      | Noticed Pikel
  3551 | D:4      | Killed Pikel
  3551 | D:4      | Reached skill level 8 in Fighting
  3551 | D:4      | Reached skill level 5 in Maces & Flails
  3551 | D:4      | Reached XP level 8. HP: 15/56 MP: 8/8
  3897 | D:4      | Found a runed door.
  3901 | D:4      | Noticed Crazy Yiuf
  3915 | D:4      | Killed Crazy Yiuf
  3915 | D:4      | Reached skill level 9 in Fighting
  4064 | D:5      | Entered Level 5 of the Dungeon
  4415 | D:5      | Found a sand-covered staircase.
  4461 | Ossuary  | Entered an ossuary
  4889 | D:5      | Found Syiryloang's Magic Scroll Shop.
  5138 | D:5      | Found a staircase to the Ecumenical Temple.
  5142 | Temple   | Entered the Ecumenical Temple
  5189 | Temple   | Became a worshipper of Warmaster Okawaru
  5782 | D:6      | Reached skill level 10 in Fighting
  5915 | D:7      | Noticed Menkaure
  5917 | D:7      | Reached XP level 9. HP: 62/62 MP: 9/9
  5930 | D:7      | Killed Menkaure
  5967 | D:7      | Reached * piety under Okawaru
  6031 | D:7      | Found a flagged portal.
  6061 | Bailey   | Entered a bailey
  6114 | Bailey   | Noticed an orc knight
  6123 | Bailey   | Killed an orc knight
  6123 | Bailey   | Reached skill level 11 in Fighting
  6206 | Bailey   | HP: 2/64 [orc warrior/transparent halberd {freeze} (15)]
  6515 | Bailey   | Found a bloodstained altar of Trog.
  6542 | Bailey   | Got a transparent halberd {freeze}
  6871 | D:7      | Found a white marble altar of Elyvilon.
  6871 | D:7      | Found a sacrificial altar of Ru.
  6871 | D:7      | Found a sparkling altar of Nemelex Xobeh.
  7037 | D:8      | Found a staircase to the Lair.
  7042 | D:8      | Reached XP level 10. HP: 68/71 MP: 10/10
  7072 | D:8      | Reached ** piety under Okawaru
  7072 | D:8      | Reached skill level 12 in Fighting
  7185 | D:8      | Noticed kyuss's ghost (novice TrMo)
  7205 | D:8      | Killed kyuss's ghost
  7309 | D:8      | Reached skill level 10 in Maces & Flails
  7521 | D:8      | Noticed a two-headed ogre
  7546 | D:8      | Killed a two-headed ogre
  7546 | D:8      | Reached *** piety under Okawaru
  7757 | D:9      | Got an ivory falchion
  7758 | D:9      | Identified the +6 falchion of Fatigue {slice, Int+4} (You found it on level 9 of the Dungeon)
  7778 | D:9      | Found a shadowy altar of Dithmenos.
  8390 | D:9      | Noticed a two-headed ogre
  8404 | D:9      | Killed a two-headed ogre
  8404 | D:9      | Reached **** piety under Okawaru
  8404 | D:9      | Reached skill level 13 in Fighting
  8404 | D:9      | Reached XP level 11. HP: 34/78 MP: 11/11
  8643 | D:10     | Entered Level 10 of the Dungeon
  8728 | D:10     | Found Naseamas's Armour Shop.
  8979 | D:10     | Reached skill level 5 in Armour
  8979 | D:10     | Reached skill level 5 in Shields
  9384 | D:11     | Noticed a two-headed ogre
  9398 | D:11     | Killed a two-headed ogre
  9398 | D:11     | Received a gift from Okawaru
  9462 | D:11     | Noticed GrunderHorse's ghost (journeyman GnFi)
  9468 | D:11     | Killed an unseen horror
  9487 | D:11     | Killed GrunderHorse's ghost
  9520 | D:11     | Reached ***** piety under Okawaru
  9580 | D:11     | Noticed a red ugly thing
  9696 | D:11     | Noticed a white ugly thing
  9762 | Lair:1   | Entered Level 1 of the Lair of Beasts
 10024 | Lair:1   | Reached XP level 12. HP: 72/84 MP: 12/12
 10083 | Lair:1   | Received a gift from Okawaru
 10343 | Lair:1   | Reached skill level 14 in Fighting
 10657 | Lair:1   | Noticed Erica
 10671 | Lair:1   | Killed Erica
 10728 | Lair:1   | Noticed a five-headed hydra
 10745 | Lair:1   | Killed a five-headed hydra
 11306 | Lair:2   | Received a gift from Okawaru
 12041 | Lair:2   | Found a staircase to the Swamp.
 12142 | Lair:2   | Noticed a four-headed hydra
 12154 | Lair:2   | Killed a four-headed hydra
 12154 | Lair:2   | Reached ****** piety under Okawaru
 12154 | Lair:2   | Reached XP level 13. HP: 70/91 MP: 13/13
 12795 | Lair:3   | Received a gift from Okawaru
 12919 | Lair:3   | Found a hole to the Spider Nest.
 13157 | Lair:3   | Reached skill level 15 in Fighting
 13194 | Lair:3   | Got a bloodstained hunting sling
 13195 | Lair:3   | Identified the +7 hunting sling "Jellybane" {venom, Int+4} (You found it on level 3 of the Lair of Beasts)
 13653 | Lair:4   | Found a frozen archway.
 13698 | IceCv    | Entered an ice cave
 13756 | IceCv    | Reached skill level 1 in Invocations
 14079 | IceCv    | Reached skill level 10 in Shields
 14155 | IceCv    | Reached skill level 10 in Armour
 14280 | IceCv    | Noticed an ice dragon
 14281 | IceCv    | Noticed an ice dragon
 15617 | Lair:5   | Found a staircase to the Slime Pits.
 15961 | Lair:6   | Entered Level 6 of the Lair of Beasts
 15987 | Lair:5   | Received a gift from Okawaru
 15987 | Lair:5   | Gained mutation: Your large and strong wings let you fly indefinitely. [Gargoyle growth]
 15987 | Lair:5   | Reached XP level 14. HP: 98/98 MP: 16/16
 17497 | Lair:6   | Reached skill level 5 in Invocations
 19034 | D:11     | Reached skill level 16 in Fighting
 19047 | D:11     | Received a gift from Okawaru
 19253 | D:12     | Found a staircase to the Orcish Mines.
 19736 | D:12     | Found a runed door.
 19830 | D:12     | Noticed a tengu reaver
 19905 | D:12     | Killed a tengu reaver
 19905 | D:12     | Reached XP level 15. HP: 67/104 MP: 19/19
 20310 | Orc:1    | Entered Level 1 of the Orcish Mines
 20688 | Orc:1    | Found Lozahiza's Magic Scroll Shoppe.
 20707 | Orc:1    | Noticed Maurice
 21129 | Orc:1    | Paralysed by something for 6 turns
 21154 | Orc:1    | Killed Maurice
 21202 | Orc:2    | Entered Level 2 of the Orcish Mines
 21202 | Orc:2    | Found a roughly hewn altar of Beogh.
 21798 | Orc:2    | Found a staircase to the Elven Halls.
 22540 | Orc:2    | Found Aveth's Food Emporium.
 22580 | Orc:2    | Found Ytewoac's Distillery.
 22683 | Orc:2    | Received a gift from Okawaru
 22809 | Orc:2    | Paralysed by an orc sorcerer for 7 turns
 23141 | Orc:2    | Paralysed by an orc sorcerer for 5 turns
 23590 | Orc:2    | Paralysed by an orc sorcerer for 4 turns
 23728 | Orc:2    | Received a gift from Okawaru
 23779 | Orc:2    | Paralysed by an orc sorcerer for 4 turns
 23874 | Orc:2    | Found Amuce's Antique Armour Shop.
 23874 | Orc:2    | Found Aphik's Book Boutique.
 23874 | Orc:2    | Found a one-way gate leading to the halls of Pandemonium.
 23878 | Orc:2    | Bought a scorched plate armour for 784 gold pieces
 23890 | Orc:2    | Identified the +9 plate armour of Disappointment {rC+} (You bought it in a shop on level 2 of the Orcish Mines)
 24397 | D:13     | Found a gate to the Vaults.
 24534 | D:13     | Received a gift from Okawaru
 24559 | D:13     | Got a translucent cloak {god gift}
 24724 | D:13     | Identified the +0 cloak "Putunet" {Int+3} (Okawaru gifted it to you on level 13 of the Dungeon)
 24878 | D:13     | Noticed Josephine
 24911 | D:13     | Killed Josephine
 24918 | D:13     | Reached XP level 16. HP: 112/112 MP: 22/22
 24919 | D:13     | Reached skill level 17 in Fighting
 24919 | D:13     | Reached XP level 17. HP: 119/119 MP: 23/23
 24920 | D:13     | Reached XP level 18. HP: 124/124 MP: 24/24
 25319 | D:14     | Reached XP level 19. HP: 115/130 MP: 25/25
 25737 | D:14     | Reached skill level 15 in Maces & Flails
 25926 | D:15     | Entered Level 15 of the Dungeon
 26131 | D:15     | Found a basalt altar of Yredelemnul.
 26271 | D:15     | Noticed Agnes
 26301 | D:15     | Killed Agnes
 26382 | D:15     | Reached skill level 18 in Fighting
 26529 | D:15     | Found a staircase to the Depths.
 26580 | D:15     | Found a bloodstained altar of Trog.
 27037 | Swamp:1  | Entered Level 1 of the Swamp
 27046 | Swamp:1  | Noticed a tentacled monstrosity
 27080 | Swamp:1  | Killed a tentacled monstrosity
 28407 | Swamp:2  | Received a gift from Okawaru
 29593 | Swamp:2  | Reached skill level 15 in Shields
 30521 | Swamp:4  | Entered Level 4 of the Swamp
 30777 | Swamp:4  | Got an ebony rapier
 30778 | Swamp:4  | Identified the cursed +1 rapier "Enacic" {pierce, rElec MR+ Str+2} (You found it on level 4 of the Swamp)
 30990 | Swamp:4  | Received a gift from Okawaru
 31742 | Swamp:4  | Reached XP level 20. HP: 119/137 MP: 26/26
 31864 | Swamp:4  | Got a decaying rune of Zot
 32055 | Spider:1 | Entered Level 1 of the Spider Nest
 32640 | Spider:1 | Noticed Rupert
 32664 | Lair:3   | Received a gift from Okawaru
 32728 | Spider:1 | Paralysed by Rupert for 7 turns
 32777 | Lair:2   | Killed Rupert
 33176 | Spider:1 | Reached skill level 19 in Fighting
 34411 | Spider:2 | Reached skill level 15 in Armour
 35183 | Spider:3 | Found the +2 cloak of the Thief {+Fog Slay-2 SInv Stlth+}
 35426 | Spider:3 | Received a gift from Okawaru
 35427 | Spider:3 | Got a scorched mace {god gift}
 35471 | Spider:3 | Identified the +5 mace "Onomepp" {elec, rElec} (Okawaru gifted it to you on level 3 of the Spider Nest)
 36012 | Spider:4 | Entered Level 4 of the Spider Nest
 37231 | Spider:4 | Received a gift from Okawaru
 37941 | Spider:4 | Reached XP level 21. HP: 137/145 MP: 0/27
 38460 | Spider:4 | Got a gossamer rune of Zot
 38771 | Vaults:1 | Entered Level 1 of the Vaults
 39301 | Vaults:1 | Reached skill level 20 in Fighting
 41616 | Vaults:2 | Received a gift from Okawaru
 43396 | Vaults:2 | Found a staircase to the Crypt.
 43694 | Vaults:2 | Reached XP level 22. HP: 144/153 MP: 28/28
 43981 | Vaults:2 | Received a gift from Okawaru
 43982 | Vaults:2 | Got a pair of slimy boots {god gift}
 44071 | Vaults:2 | Identified the +1 pair of boots "Yrecviecu" {Int+4} (Okawaru gifted it to you on level 2 of the Vaults)
 45056 | Vaults:3 | Found Meiriwif's Jewellery Boutique.
 45204 | Vaults:3 | Cast into level 2 of the Abyss (a deep elf sorcerer)
 45329 | Abyss:2  | Paralysed by accursed screaming for 2 turns
 45346 | Vaults:3 | Escaped the Abyss
 46609 | Vaults:3 | Reached skill level 1 in Crossbows
 46617 | Vaults:3 | Reached skill level 21 in Fighting
 46696 | Vaults:3 | Got a pair of spiked boots
 46707 | Vaults:3 | Identified the +1 pair of boots of Fedhas's Hope {rPois rF- rCorr} (You found it on level 3 of the Vaults)
 46839 | Vaults:3 | Received a gift from Okawaru
 47298 | Vaults:4 | Noticed keipra's ghost (adept SpEn)
 47354 | Vaults:4 | Killed keipra's ghost
 49078 | Vaults:4 | Found Ihuipt's General Store.
 49551 | Vaults:4 | Received a gift from Okawaru
 49552 | Vaults:4 | Got a shimmering robe {god gift}
 49592 | Vaults:4 | Reached XP level 23. HP: 95/160 MP: 29/29
 50940 | Depths:1 | Entered Level 1 of the Depths
 50971 | Depths:1 | Found a portal to a secret trove of treasure.
 50988 | Depths:1 | You paid a toll of 6 potions of haste to enter a treasure trove
 50989 | Trove    | Entered a treasure trove
 51008 | Trove    | Identified Sif Muna's Reference Book on the Creative Glacier
 51047 | Trove    | Identified Guticyoro's Grimoire of the Traveller and the Entourage
 51050 | Trove    | Identified Sif Muna's Grimoire of Blistering Dislocation
 51144 | Depths:1 | Found a gateway to a ziggurat.
 51773 | Depths:1 | Found a gateway to Hell.
 52123 | Depths:1 | Reached skill level 5 in Crossbows
 52972 | Depths:2 | Identified the cursed +3 spear "Yhycoplu" {freeze, +Fly Int+6} (You found it on level 2 of the Depths)
 53733 | Depths:2 | Noticed an ancient lich
 53940 | Depths:2 | Received a gift from Okawaru
 54652 | Depths:3 | Received a gift from Okawaru
 55394 | Depths:3 | Cast into level 3 of the Abyss (a lich)
 55794 | Depths:3 | Escaped the Abyss
 55795 | Depths:3 | Reached XP level 24. HP: 159/168 MP: 29/29
 55859 | Depths:3 | Received a gift from Okawaru
 56536 | Depths:3 | Reached skill level 22 in Fighting
 58112 | Depths:4 | Found a one-way gate to the infinite horrors of the Abyss.
 58114 | Depths:4 | Noticed Jorgrun
 58132 | Depths:4 | Killed Jorgrun
 58421 | Depths:4 | Found a flickering gateway to a bazaar.
 58428 | Bazaar   | Entered a bazaar
 58603 | Bazaar   | Found Xarilym's Book Shop.
 58641 | Bazaar   | Found Xeegh's Distillery.
 58647 | Bazaar   | Bought a potion of degeneration for 12 gold pieces
 58658 | Bazaar   | Found Faeros's Armour Emporium.
 58703 | Bazaar   | Found Cethrauz's Antique Weapon Shoppe.
 58754 | Bazaar   | Bought the +0 pair of fencer's gloves {+Riposte Dex+3} for 440 gold pieces
 58754 | Bazaar   | Found the +0 pair of fencer's gloves {+Riposte Dex+3}
 58797 | Depths:4 | Received a gift from Okawaru
 59597 | Depths:4 | Noticed a juggernaut
 59597 | Depths:4 | Noticed a caustic shrike
 59927 | Depths:4 | Killed a juggernaut
 60046 | Depths:4 | Killed a caustic shrike
 60438 | Depths:4 | Noticed Boris
 60466 | Depths:4 | Killed Boris
 60545 | Depths:5 | Entered Level 5 of the Depths
 61220 | Depths:5 | Noticed a caustic shrike
 61474 | Depths:5 | Reached XP level 25. HP: 167/175 MP: 29/29
 61475 | Depths:5 | Noticed pkoi's ghost (veteran MiFi)
 61566 | Depths:5 | Killed pkoi's ghost
 61585 | Depths:5 | Received a gift from Okawaru
 61586 | Depths:5 | Got a pair of distressingly furry gloves {god gift}
 61725 | Depths:5 | Identified the +2 pair of gloves of the Loofah {*Slow rC+ Int+4 Stlth+} (Okawaru gifted it to you on level 5 of the Depths)
 61909 | Depths:5 | Reached skill level 10 in Crossbows
 62215 | Depths:5 | Identified the +8 shortbow of Zufoimen {venom, +Fly Str+3} (You found it on level 5 of the Depths)
 62573 | Depths:5 | Identified the +9 flail "Ycoewogill" {holy, rElec rN+} (You found it on level 5 of the Depths)
 63143 | Depths:5 | Found a gate to the Realm of Zot.
 63167 | Depths:5 | Reached skill level 1 in Dodging
 63471 | Depths:1 | Learned a level 3 spell: Portal Projectile
 63663 | Elf:1    | Entered Level 1 of the Elven Halls
 63844 | Elf:1    | Reached skill level 1 in Translocations
 64232 | Elf:1    | You are sucked into a shaft!
 64591 | Elf:2    | Received a gift from Okawaru
 64673 | Elf:2    | Found a runed gate.
 64673 | Elf:2    | Found a runed gate.
 64673 | Elf:2    | Found a runed gate.
 65121 | Elf:2    | Noticed Nikola
 65197 | Elf:2    | Killed Nikola
 65452 | Elf:2    | Reached skill level 23 in Fighting
 65785 | Elf:3    | Entered Level 3 of the Elven Halls
 65810 | Elf:3    | Reached skill level 5 in Translocations
 66217 | Elf:3    | Reached XP level 26. HP: 182/182 MP: 29/29
 67046 | Elf:2    | Reached skill level 1 in Hexes
 68513 | Elf:3    | Received a gift from Okawaru
 68993 | Elf:3    | Identified Hiboeczi's Papyrus of Ashen Flight
 69025 | Elf:3    | Identified the +9 shortbow of Brutal Revenge {venom, *Corrode Str+3 Int+4} (You found it on level 3 of the Elven Halls)
 69552 | D:10     | Bought the +4 pair of gloves of a wizard's laboratory {-Tele Int+7 Dex+4 Stlth+} for 569 gold pieces
 69824 | Vaults:5 | Entered Level 5 of the Vaults
 69840 | Vaults:5 | Received a gift from Okawaru
 70731 | Vaults:4 | Received a gift from Okawaru
 71479 | Vaults:5 | Reached skill level 5 in Hexes
 71560 | Vaults:5 | Got a silver rune of Zot
 72621 | Vaults:4 | Reached XP level 27. HP: 189/189 MP: 29/29
 73188 | Vaults:4 | Paralysed by a sphinx for 5 turns
 73753 | Vaults:5 | Received a gift from Okawaru
 75379 | Zot:1    | Entered Level 1 of the Realm of Zot
 75569 | Zot:1    | Reached skill level 24 in Fighting
 75891 | Zot:1    | Received a gift from Okawaru
 75899 | Zot:1    | Got a dazzling shield {god gift}
 75910 | Zot:1    | Identified the +0 shield "Jerugh" {MR+} (Okawaru gifted it to you on level 1 of the Realm of Zot)
 76957 | Zot:1    | Found a transporter.
 77106 | Zot:1    | Reached skill level 10 in Translocations
 77347 | Zot:1    | Found a transporter.
 78129 | Zot:1    | Got a slimy jade ring
 78182 | Zot:1    | HP: 5/190 [yellow draconian monk (12)]
 78561 | Zot:1    | Identified the ring of Suvaafi {rN+ Int+4} (You found it on level 1 of the Realm of Zot)
 78562 | Zot:1    | Identified a +1 pair of boots of running (You found it on level 1 of the Realm of Zot)
 81077 | Zot:2    | Received a gift from Okawaru
 81597 | Zot:2    | Received a gift from Okawaru
 82406 | Zot:3    | HP: 7/192 [golden dragon (26)]
 82569 | Zot:3    | Reached skill level 5 in Dodging
 82621 | Zot:3    | HP: 4/192 [black draconian/bolt of lightning (9)]
 83726 | D:5      | Bought 2 scrolls of enchant armour for 180 gold pieces
 83726 | D:5      | Bought a scroll of enchant weapon for 90 gold pieces
 84669 | Zot:3    | Reached skill level 10 in Hexes
 85037 | Zot:3    | Identified the +7 hunting sling "Qovothel" {venom, rN+ MR++ Str+3} (You found it on level 3 of the Realm of Zot)
 85279 | Zot:4    | Received a gift from Okawaru
 86079 | Zot:4    | Reached skill level 25 in Fighting
 86557 | Zot:4    | Received a gift from Okawaru
 87028 | Zot:4    | Reached skill level 10 in Dodging
 87863 | Zot:5    | Entered Level 5 of the Realm of Zot
 88476 | Zot:5    | Noticed an ancient lich
 88597 | Zot:5    | Killed an ancient lich
 88597 | Zot:5    | Reached skill level 10 in Invocations
 88783 | Zot:4    | Received a gift from Okawaru
 89056 | Zot:5    | Received a gift from Okawaru
 89194 | Zot:5    | Noticed an ancient lich
 89206 | Zot:5    | Killed an ancient lich
 89206 | Zot:5    | Received a gift from Okawaru
 89752 | Zot:5    | Noticed an ancient lich
 89829 | Zot:5    | Killed an ancient lich
 89829 | Zot:5    | Received a gift from Okawaru
 89830 | Zot:5    | Got an encrusted flail {god gift}
 89831 | Zot:5    | Identified the +8 flail of Upheaval {freeze, MR+ Str+3} (Okawaru gifted it to you on level 5 of the Realm of Zot)
 89837 | Zot:5    | Noticed an orb of fire
 89848 | Zot:5    | Gained mutation: You do not regenerate when monsters are visible. [an orb of fire]
 89854 | Zot:5    | Gained mutation: Scrolls take you a little longer to read. [an orb of fire]
 89855 | Zot:5    | Killed an orb of fire
 89943 | Zot:5    | Noticed an orb of fire
 89973 | Zot:5    | Gained mutation: Scrolls take you longer to read. [an orb of fire]
 89985 | Zot:5    | Killed an orb of fire
 90049 | Zot:5    | Noticed an orb of fire
 90065 | Zot:5    | Gained mutation: You are frail. (-10% HP) [an orb of fire]
 90085 | Zot:5    | Killed an orb of fire
 90301 | Zot:5    | Noticed an ancient lich
 90309 | Zot:5    | Killed an ancient lich
 90392 | Zot:5    | Noticed an orb of fire
 90420 | Zot:5    | Killed an orb of fire
 90425 | Zot:5    | Received a gift from Okawaru
 90426 | Zot:5    | Got an encrusted hand crossbow {god gift}
 90650 | Zot:5    | Identified the +6 hand crossbow of Law {penet, MR+ MP+9} (Okawaru gifted it to you on level 5 of the Realm of Zot)
 90771 | Zot:5    | Reached skill level 15 in Invocations
 91061 | Zot:5    | Noticed an orb of fire
 91095 | Zot:5    | Killed an orb of fire
 91221 | Zot:5    | Noticed an orb of fire
 91413 | Zot:5    | Gained mutation: You occasionally shout uncontrollably at your foes. [an orb of fire]
 91427 | Zot:5    | Gained mutation: [You expend magic power (3 MP) to strengthen your wands.] [an orb of fire]
 91438 | Zot:5    | Killed an orb of fire
 91646 | Zot:5    | Received a gift from Okawaru
 91942 | Zot:5    | Received a gift from Okawaru
 92987 | Slime:1  | Entered Level 1 of the Pits of Slime
 93023 | Slime:1  | Noticed donath's ghost (adept GnWr)
 93023 | Slime:1  | Gained mutation: You sometimes yell uncontrollably at your foes. [a shining eye]
 93101 | Slime:1  | Killed donath's ghost
 93256 | Slime:2  | Gained mutation: You are dopey. (Int -2) [a shining eye]
 93579 | Slime:3  | Reached skill level 26 in Fighting
 94244 | Slime:3  | Received a gift from Okawaru
 94648 | Slime:4  | Found a viscous altar of Jiyva.
 94777 | Slime:5  | Entered Level 5 of the Pits of Slime
 95043 | Slime:5  | Gained mutation: You are clumsy. (Dex -2) [a shining eye]
 95057 | Slime:4  | Lost mutation: You are clumsy. (Dex -2) [potion of mutation]
 95057 | Slime:4  | Lost mutation: You sometimes yell uncontrollably at your foes. [potion of mutation]
 95057 | Slime:4  | Lost mutation: You are dopey. (Int -2) [potion of mutation]
 95057 | Slime:4  | Lost mutation: You are frail. (-10% HP) [potion of mutation]
 95057 | Slime:4  | Gained mutation: Armour fits poorly on your strangely shaped body. [potion of mutation]
 95057 | Slime:4  | Gained mutation: You are clumsy. (Dex -2) [potion of mutation]
 95057 | Slime:4  | Gained mutation: You are partially covered in slimy green scales. (AC +2) [potion of mutation]
 95058 | Slime:4  | Lost mutation: You occasionally shout uncontrollably at your foes. [potion of mutation]
 95058 | Slime:4  | Lost mutation: Armour fits poorly on your strangely shaped body. [potion of mutation]
 95058 | Slime:4  | Gained mutation: You occasionally shout uncontrollably at your foes. [potion of mutation]
 95058 | Slime:4  | Gained mutation: You evolve. [potion of mutation]
 95058 | Slime:4  | Lost mutation: You occasionally shout uncontrollably at your foes. [potion of mutation]
 95058 | Slime:4  | Gained mutation: Your muscles are strong. (Str +2) [potion of mutation]
 95140 | Slime:4  | Received a gift from Okawaru
 95233 | Slime:4  | Lost mutation: Your muscles are strong. (Str +2) [evolution]
 95561 | Slime:5  | Gained mutation: You are frail. (-10% HP) [a shining eye]
 95830 | Slime:5  | Noticed the Royal Jelly
 95885 | Slime:5  | Found a viscous altar of Jiyva.
 97241 | Slime:5  | Killed the Royal Jelly
 97811 | Slime:5  | Got a scorched silver ring
 97814 | Slime:5  | Identified the ring "Ongacw" {*Tele rPois Str+2 SInv} (You found it on level 5 of the Pits of Slime)
 97850 | Slime:5  | Got a slimy rune of Zot
 97877 | Slime:5  | Got a slimy granite ring
 98177 | Slime:5  | Identified the ring of Gucrorir {rF++ rC+ MR+ Stlth+} (You found it on level 5 of the Pits of Slime)
 98698 | Depths:4 | Voluntarily entered the Abyss.
 98698 | Abyss:1  | Found a corrupted altar of Lugonu.
 98714 | Abyss:1  | Paralysed by accursed screaming for 1 turns
 98715 | Abyss:1  | Gained mutation: Scrolls take you much longer to read. [a cacodemon]
 98732 | Abyss:1  | Paralysed by accursed screaming for 1 turns
 98739 | Abyss:1  | Paralysed by accursed screaming for 1 turns
 99661 | Abyss:1  | Received a gift from Okawaru
 99786 | Depths:4 | Escaped the Abyss
 99833 | Depths:4 | Lost mutation: You evolve. [potion of mutation]
 99833 | Depths:4 | Lost mutation: [You expend magic power (3 MP) to strengthen your wands.] [potion of mutation]
 99833 | Depths:4 | Lost mutation: You are frail. (-10% HP) [potion of mutation]
 99833 | Depths:4 | Lost mutation: You are very clumsy. (Dex -4) [potion of mutation]
 99833 | Depths:4 | Gained mutation: You evolve. [potion of mutation]
 99884 | Depths:4 | Voluntarily entered the Abyss.
 99889 | Abyss:1  | Found a corrupted altar of Lugonu.
101010 | Abyss:2  | Paralysed by accursed screaming for 1 turns
101251 | Abyss:3  | Paralysed by accursed screaming for 1 turns
101497 | Abyss:3  | Paralysed by a floating eye for 3 turns
101548 | Abyss:3  | Found an ancient bone altar of Kikubaaqudgha.
101902 | Abyss:3  | Found a corrupted altar of Lugonu.
102137 | Abyss:3  | Found a corrupted altar of Lugonu.
102433 | Abyss:3  | Found a corrupted altar of Lugonu.
102605 | Abyss:3  | Found a stormy altar of Qazlal.
102982 | Abyss:3  | Found a corrupted altar of Lugonu.
103297 | Abyss:3  | Received a gift from Okawaru
103400 | Abyss:3  | Received a gift from Okawaru
103624 | Abyss:3  | Received a gift from Okawaru
104100 | Abyss:4  | Received a gift from Okawaru
104345 | Abyss:4  | Gained mutation: You are partially covered in iridescent scales. (AC +2) [evolution]
104374 | Abyss:4  | Reached skill level 27 in Fighting
104433 | Abyss:4  | Paralysed by accursed screaming for 1 turns
104436 | Abyss:4  | HP: 6/199 [balrug/divine providence[an orange crystal statue] (14)]
104438 | Abyss:4  | Killed from afar by a starcursed mass

Vault maps used:
D:1:      saegor_arrival_fortress
D:3:      nicolae_overflow_crystal_walls, minmay_misc_feat_pillars,
          evilmike_ruin_ashenzari
D:4:      old_standard_altar, serial_forest, infiniplex_forest_lined_2,
          infiniplex_forest_zigzag_1, infiniplex_forest_straight_1,
          infiniplex_forest_end_2, infiniplex_forest_zigzag_1,
          infiniplex_forest_clump_curved, infiniplex_forest_lined_ring,
          first_ration, uniq_crazy_yiuf_cottage, uniq_pikel
D:5:      temple_statues, serial_shops, nicolae_shop_stone, enter_ossuary_3
D:7:      gammafunk_temple_overflow_forgotten, enter_bailey_2, uniq_menkaure
D:8:      lair_entry_dummy
D:9:      grunt_dithmenos_smoke, hangedman_pestilent_swarm
D:10:     serial_shops, shop, kennysheep_generic_room_10
D:12:     hiddenorc2_lemuel, minmay_misc_feat_square, minmay_st_funbox
D:13:     erik_vaults_1, uniq_josephine
D:14:     serial_corexii_hall, corexii_hall_statues_s, corexii_hall_statues_x,
          hangedman_decor_riveting, minmay_tree_intersection,
          lightli_fourway_metalbox
D:15:     grunt_enter_depths_snipers, basic_altar, yredelemnul_altar_generic,
          small_statue_intersection, hangedman_decor_growths, uniq_agnes
Temple:   eino_temple_scatter_basement
Lair:1:   uniq_erica
Lair:2:   minmay_swamp_entry_worms, serial_bayou_shore_a
Lair:3:   dummy_spider_entry
Lair:4:   portal_ice_cave_entry_pillars_1
Lair:5:   minmay_slime_entry_pillars
Lair:6:   guppyfry_lair_end_dragon, guppyfry_lair_drakes
Swamp:1:  evilmike_swamp_ruin_rubble_2, swamp_pool5, grunt_lady_of_the_lake
Swamp:2:  evilmike_swamp_ruin_house_1
Swamp:3:  evilmike_swamp_ruin_house_2
Swamp:4:  swamp_vile, swamp_pool1
Spider:1: special_room, uniq_rupert
Spider:3: cheibrodos_spider_silkery
Spider:4: grunt_spider_rune_circles
Slime:2:  basic_altar
Slime:3:  nicolae_slime_barrier
Slime:4:  basic_altar, cheibrodos_slime_lost_civilization_7
Orc:1:    serial_shops, shop_fountains, uniq_maurice
Orc:2:    pf_orc_diabolical, basic_altar
Elf:1:    elf_arrival_002, minmay_elf_necromancy
Elf:2:    uniq_nikola
Elf:3:    minmay_elf_hall_spiked
Vaults:1: vaults_room_door_ring, nicolae_vaults_three_branches,
          vaults_mumra_minichess_inversion, v_rooms_2, v_misc_16,
          ontoclasm_vaults_eye, ontoclasm_vaults_decontamination
Vaults:2: nicolae_vaults_disjoint_gnomons, v_rooms_4, hangedman_vaults_slice,
          v_alt_pattern_5, ontoclasm_vaults_spin, hangedman_vaults_capsules,
          minmay_crypt_entry_simple_box, ontoclasm_vaults_twist,
          nicolae_vaults_asterisk, nicolae_vaults_little_ls, vaults_room_hallway
Vaults:3: nicolae_vaults_little_squares_3, nicolae_vaults_little_squares_5,
          v_misc_27, v_alt_pattern_1, v_misc_16, vaults_room_large_hall,
          v_rooms_1, vaults_dpeg_diagonal, v_misc_17, vaults_room_semicircle,
          ontoclasm_vaults_ring_square, hangedman_vaults_nodes,
          vaults_room_corners, v_pattern_4, grunt_vaults_funnel,
          vaults_room_hallway, serial_shops, shop
Vaults:4: hangedman_vaults_impose, nicolae_vaults_triangles, v_rooms_4,
          nicolae_vaults_little_squares_2, ontoclasm_vaults_chip,
          hangedman_vaults_snaps, ontoclasm_vaults_ring_large, vaults_room_pool,
          vaults_room_semicircle, serial_shops, nicolae_shop_waterfront
Vaults:5: serial_shops
Depths:1: enter_ziggurat_e, pf_vacation_house_of_asmodeus, minmay_crystal_water,
          enter_trove_2, nzn_random_ring, firewood_loft
Depths:2: kennysheep_room_grid, kennysheep_nondescript, hell_entry,
          kennysheep_generic_room_3, infiniplex_staircase_door_maze
Depths:3: hangedman_screamer, pan_entry, hell_entry
Depths:4: kennysheep_big_flooded_room, hangedman_abyss_entry_splay,
          serial_shops, bzr_entry_gold, hell_entry, minivault_14,
          minmay_misc_feat_roman, infiniplex_staircase_star, uniq_boris,
          uniq_jorgrun
Depths:5: grunt_bruiser_brothers, pf_coc_iceberg, minmay_misc_feat_cross,
          pan_entry
Zot:1:    gammafunk_sealed_arena, hangedman_elemental_corridor,
          grunt_megastairs_1
Zot:2:    grunt_megastairs_4
Zot:3:    hangedman_swamp_dais
Zot:4:    kennysheep_blocky_hall
Abyss:1:  hangedman_cross_veins
Abyss:2:  hangedman_abyss_theft
Abyss:3:  abyss_exit_lava
Abyss:4:  hangedman_steaming_rock, doesnt_abyss_rune_brain_food
Bazaar:   bazaar_kenran_forest_clearing
Trove:    trove_library
Ossuary:  ossuary_due_small_catacomb
Bailey:   bailey_axe_3, bailey
IceCv:    ice_cave_small_dragons

Skill      XL: |  1  2  3  4  5  6  7  8  9 10 11 12 13 14 15 16 17 18 19 20 21 22 23 24 25 26 27 |
---------------+----------------------------------------------------------------------------------+-----
Fighting       | 4 5 6 7 8 10 11 13 14 15 16 17 18 19 20 21 22 23 27 | 27.0
Maces & Flails | 3 5 7 9 10 11 12 13 14 16 17 18 19 21 | 21.6
Armour         | 4 6 9 10 11 12 14 15 17 18 19 20 21 24 | 24.3
Shields        | 4 6 9 10 11 12 14 15 16 17 18 19 20 21 25 | 25.3
Invocations    | 3 6 9 18 | 18.2
Crossbows      | 4 7 9 10 | 10.2
Dodging        | 1 14 | 14.4
Translocations | 5 8 10 | 10.0
Hexes          | 5 10 | 10.0

Action                   |  1- 3 |  4- 6 |  7- 9 | 10-12 | 13-15 | 16-18 | 19-21 | 22-24 | 25-27 || total
-------------------------+-------+-------+-------+-------+-------+-------+-------+-------+-------++-------
Melee: Flail             |    93 |       |       |       |    85 |       |    25 |     6 |       ||   209
       Whip              |    38 |   151 |   378 |   866 |  2330 |   114 |  4445 |  2466 |       || 10788
       Morningstar       |       |       |       |       |       |       |       |  1264 |  5377 ||  6641
       Demon whip        |       |       |       |       |       |       |       |    76 |   910 ||   986
       Eveningstar       |       |       |       |       |       |       |       |       |   348 ||   348
 Fire: Hand crossbow     |       |       |       |       |       |       |       |     4 |    52 ||    56
Throw: Tomahawk          |       |       |     6 |       |       |       |       |       |       ||     6
 Cast: Portal Projectile |       |       |       |       |       |       |       |       |     2 ||     2
Invok: Heroism           |       |       |     2 |     4 |     2 |       |       |     1 |     7 ||    16
       Finesse           |       |       |       |       |       |       |     2 |     3 |    13 ||    18
 Abil: Stop Flying       |       |       |       |       |       |       |       |       |     1 ||     1
Evoke: Wand              |       |       |       |       |     2 |       |       |       |       ||     2
  Use: Scroll            |       |     4 |    13 |     1 |     8 |       |    11 |    14 |    70 ||   121
       Potion            |       |     1 |       |       |     3 |     2 |     2 |     6 |    44 ||    58
 Stab: Confused          |       |       |       |       |     1 |       |     3 |       |     3 ||     7
       Sleeping          |       |       |       |       |       |       |       |     1 |       ||     1
       Distracted        |       |       |       |       |       |       |       |       |     1 ||     1
       Petrified         |       |       |       |       |       |       |       |       |     1 ||     1
  Eat: Ration            |       |     2 |     3 |     3 |    11 |       |    17 |    17 |    37 ||    90
       Chunk             |       |     1 |     2 |     9 |     5 |       |     7 |     3 |    15 ||    42
Armor: Scale mail        |    60 |       |       |       |       |       |       |       |       ||    60
       Chain mail        |    26 |    77 |   136 |   294 |     9 |       |       |       |       ||   542
       Plate armour      |       |       |       |       |   702 |    21 |  2124 |  1465 |   754 ||  5066
       Skin              |       |       |       |       |       |       |    19 |       |       ||    19
       Gold dragon scale |       |       |       |       |       |       |       |       |  1999 ||  1999
Dodge: Dodged            |    44 |    35 |    52 |    95 |   212 |    12 |   724 |   411 |  1142 ||  2727
Block: Shield            |    87 |    49 |   183 |   397 |  1090 |    44 |  3356 |  1282 |       ||  6488
       Reflection        |       |       |    34 |     5 |    23 |     2 |    67 |   131 |   219 ||   481
       Large shield      |       |       |       |       |       |       |       |  1624 |  7709 ||  9333
       Rpst.: Morningstar |       |       |       |       |       |       |       |    10 |   140 ||   150
       Demon whip        |       |       |       |       |       |       |       |     1 |    13 ||    14
       Eveningstar       |       |       |       |       |       |       |       |       |     9 ||     9
       Hand crossbow     |       |       |       |       |       |       |       |       |     6 ||     6

Table legend:
 A = Spawn XP
 B = Non-spawn XP
 C = Spawn XP percentage of total XP
 D = Spawn monster count
 E = Non-spawn monster count
 F = Spawn count percentage of total count
 G = Total turns spent on level
                    A         B        C        D         E        F      G
               +---------+---------+-------+---------+---------+-------+---------
         Total |  141758 | 1865486 |   7.1 |     273 |    2735 |   9.1 | 104438
               +---------+---------+-------+---------+---------+-------+---------
           D:1 |       0 |      49 |   0.0 |       0 |      23 |   0.0 |   809
           D:2 |       0 |      39 |   0.0 |       0 |      13 |   0.0 |   607
           D:3 |       0 |     224 |   0.0 |       0 |      29 |   0.0 |  1527
           D:4 |       0 |    1057 |   0.0 |       0 |      20 |   0.0 |  1121
           D:5 |       0 |     238 |   0.0 |       0 |      18 |   0.0 |   904
           D:6 |       0 |     402 |   0.0 |       0 |      13 |   0.0 |   472
           D:7 |       0 |    1431 |   0.0 |       0 |      29 |   0.0 |   701
           D:8 |       0 |    3859 |   0.0 |       0 |      29 |   0.0 |  1010
           D:9 |       0 |    1435 |   0.0 |       0 |      14 |   0.0 |  1057
          D:10 |       0 |    1966 |   0.0 |       0 |      33 |   0.0 |   973
          D:11 |       0 |   10924 |   0.0 |       0 |      54 |   0.0 |  1426
          D:12 |       0 |   14664 |   0.0 |       0 |      85 |   0.0 |  1487
          D:13 |       0 |   15162 |   0.0 |       0 |      38 |   0.0 |  1696
          D:14 |       0 |    7346 |   0.0 |       0 |      26 |   0.0 |  1025
          D:15 |       0 |   16671 |   0.0 |       0 |      30 |   0.0 |  1122
        Lair:1 |       0 |   10205 |   0.0 |       0 |      42 |   0.0 |  1921
        Lair:2 |       0 |   12075 |   0.0 |       0 |      35 |   0.0 |  1773
        Lair:3 |       0 |   12204 |   0.0 |       0 |      50 |   0.0 |  1406
        Lair:4 |       0 |    3167 |   0.0 |       0 |      13 |   0.0 |   883
        Lair:5 |       0 |   11828 |   0.0 |       0 |      50 |   0.0 |  1525
        Lair:6 |       0 |   11810 |   0.0 |       0 |      40 |   0.0 |  1418
       Swamp:1 |       0 |   12321 |   0.0 |       0 |      26 |   0.0 |   795
       Swamp:2 |       0 |   14887 |   0.0 |       0 |      45 |   0.0 |  1651
       Swamp:3 |       0 |   10078 |   0.0 |       0 |      27 |   0.0 |   896
       Swamp:4 |       0 |   23955 |   0.0 |       0 |      52 |   0.0 |  1395
      Spider:1 |       0 |   15374 |   0.0 |       0 |      51 |   0.0 |  1282
      Spider:2 |       0 |   10617 |   0.0 |       0 |      22 |   0.0 |   689
      Spider:3 |       0 |   34027 |   0.0 |       0 |      69 |   0.0 |  2480
      Spider:4 |       0 |   34271 |   0.0 |       0 |      74 |   0.0 |  1368
       Slime:1 |       0 |   10332 |   0.0 |       0 |      17 |   0.0 |   254
       Slime:2 |       0 |    7323 |   0.0 |       0 |       8 |   0.0 |   519
       Slime:3 |       0 |   11935 |   0.0 |       0 |      14 |   0.0 |   513
       Slime:4 |       0 |   23814 |   0.0 |       0 |      37 |   0.0 |  2447
       Slime:5 |       0 |   35837 |   0.0 |       0 |      25 |   0.0 |  1442
         Orc:1 |       0 |    4492 |   0.0 |       0 |      41 |   0.0 |   972
         Orc:2 |       0 |   19597 |   0.0 |       0 |      89 |   0.0 |  2839
         Elf:1 |       0 |    9260 |   0.0 |       0 |      17 |   0.0 |   594
         Elf:2 |       0 |   52444 |   0.0 |       0 |      65 |   0.0 |  3157
         Elf:3 |       0 |   61368 |   0.0 |       0 |      64 |   0.0 |  2022
      Vaults:1 |       0 |   52321 |   0.0 |       0 |      82 |   0.0 |  2534
      Vaults:2 |       0 |   49991 |   0.0 |       0 |      75 |   0.0 |  3060
      Vaults:3 |       0 |   53916 |   0.0 |       0 |      86 |   0.0 |  3881
      Vaults:4 |       0 |  142903 |   0.0 |       0 |     151 |   0.0 |  6001
      Vaults:5 |       0 |   83586 |   0.0 |       0 |      75 |   0.0 |  1571
      Depths:1 |       0 |   27573 |   0.0 |       0 |      40 |   0.0 |  1911
      Depths:2 |       0 |   44920 |   0.0 |       0 |      50 |   0.0 |  2607
      Depths:3 |       0 |   70749 |   0.0 |       0 |      98 |   0.0 |  2720
      Depths:4 |       0 |   78651 |   0.0 |       0 |      65 |   0.0 |  2989
      Depths:5 |       0 |   74383 |   0.0 |       0 |      50 |   0.0 |  2470
         Zot:1 |       0 |  100536 |   0.0 |       0 |      66 |   0.0 |  4710
         Zot:2 |       0 |   55736 |   0.0 |       0 |      37 |   0.0 |  2632
         Zot:3 |       0 |   79565 |   0.0 |       0 |      45 |   0.0 |  1991
         Zot:4 |       0 |  100412 |   0.0 |       0 |      52 |   0.0 |  2616
         Zot:5 |       0 |  232037 |   0.0 |       0 |      80 |   0.0 |  4242
       Abyss:1 |   26537 |   10868 |  70.9 |      42 |      34 |  55.3 |  1213
       Abyss:2 |   11929 |   21127 |  36.1 |      35 |      39 |  47.3 |  1150
       Abyss:3 |   84830 |   47140 |  64.3 |     151 |     101 |  59.9 |  3194
       Abyss:4 |   18462 |    5765 |  76.2 |      45 |      18 |  71.4 |   627
       Ossuary |       0 |     217 |   0.0 |       0 |      30 |   0.0 |   427
        Bailey |       0 |     877 |   0.0 |       0 |      16 |   0.0 |   492
         IceCv |       0 |    3525 |   0.0 |       0 |      18 |   0.0 |   641
               +---------+---------+-------+---------+---------+-------+---------
